 Dungeon Crawl Stone Soup version 0.30.0-29-ga12c61a403 (webtiles) character file.

Game seed: 16292126454905907440

571 safid the Chiller (level 7, -2/55 HPs)
             Began as a Merfolk Ice Elementalist on June 12, 2023.
             Slain by a gnoll sergeant
             ... wielding a +0 spear
              (10 damage)
             ... on level 6 of the Dungeon.
             The game lasted 00:06:49 (4379 turns).

safid the Chiller (Merfolk Ice Elementalist)        Turns: 4379, Time: 00:06:50

Health: -2/55      AC:  8    Str:  8    XL:     7   Next: 34%
Magic:  1/13       EV: 12    Int: 16    God:
Gold:   293        SH:  0    Dex: 15    Spells: 7/14 levels left

rFire   . . .        c - +0 mace
rCold   + . .        (no shield)
rNeg    . . .        a - +0 robe
rPois   .            (no helmet)
rElec   .            (no cloak)
rCorr   .            (no gloves)
SInv    .            (no boots)
Will    .....        m - amulet of the acrobat
Stlth   ++           r - ring of protection from cold
HPRegen 0.29/turn    (no ring)
MPRegen 0.13/turn

%: acrobat
@: ice-armoured, freezing walls
A: (nimble swimmer 2), mertail
a: no special abilities


You were on level 6 of the Dungeon.
You visited 1 branch of the dungeon, and saw 5 of its levels.

You collected 293 gold pieces.

Inventory:

Hand Weapons
 c - a +0 mace (weapon)
Missiles
 o - 2 silver javelins
Armour
 a - a +0 robe (worn)
Jewellery
 m - an amulet of the acrobat (around neck)
 r - a ring of protection from cold (left hand)
Scrolls
 f - a scroll of enchant armour {unknown}
 i - 3 scrolls of identify {unknown}
 j - 2 scrolls of magic mapping {unknown}
 k - a scroll of noise {unknown}
 l - 3 scrolls of teleportation {unknown}
 n - a scroll of fear {unknown}
 s - a scroll of summoning {unknown}
Potions
 b - a potion of magic
 d - 5 potions of curing {unknown}
 e - 4 potions of degeneration {unknown}
 g - a potion of lignification {unknown}
 h - 3 potions of attraction {unknown}
 p - a potion of mutation {unknown}
 q - 3 potions of might {unknown}
 t - a potion of resistance {unknown}


   Skills:
 + Level 4.5 Fighting
 - Level 2.6 Dodging
 - Level 2.1 Stealth
 + Level 4.4 Spellcasting
 + Level 6.5 Ice Magic


You had 7 spell levels left.
You knew the following spells:

 Your Spells              Type           Power      Damage    Failure   Level
a - Freeze                Ice            96%        1d10      1%          1
b - Frozen Ramparts       Ice            48%        1d8       3%          3
c - Ozocubu's Armour      Ice            24%        N/A       3%          3

Your spell library contained the following spells:

 Spells                   Type           Power      Damage    Failure   Level
 Blink                    Tloc           6%         N/A       24%         2
 Lesser Beckoning         Tloc           6%         N/A       24%         2
 Momentum Strike          Conj/Tloc      6%         3d8       24%         2
 Summon Ice Beast         Ice/Summ       14%        N/A       38%         4
 Ignite Poison            Fire/Tmut/Pois 3%         N/A       43%         3
 Sticky Flame             Conj/Fire      3%         2d3       85%         4
 Ignition                 Fire           1%         3d3       100%        8


Dungeon Overview and Level Annotations

Branches:
Dungeon (4/15)
 Temple: D:4-7

Altars:
Dithmenos
Wu Jian
The Shining One


Innate Abilities, Weirdness & Mutations

((You are very nimble when in or above water. (Stealth+, EV+, Speed+++)))
Your lower body shifts to a powerful aquatic tail in water.


Message History

Casting: Frozen Ramparts (dangerous; 3% risk of failure)
Confirm with . or Enter, or press ? or * to list all spells.
Casting: Frozen Ramparts (dangerous; 3% risk of failure)
Press: ? - help, Dir - look around, f - activate The walls around you are covered in ice.
The white imp completely resists.
The wall freezes the white imp but does no damage.
The white imp gestures at you. The puff of frost hits you. You resist.
* * * LOW HITPOINT WARNING * * *
The wall freezes the gnoll sergeant but does no damage.
The gnoll sergeant hits you but does no damage.
Unknown command.
You hit the white imp but do no damage.
The white imp completely resists.
The wall freezes the white imp but does no damage.
The white imp gestures at you. The puff of frost misses you.
The wall freezes the gnoll sergeant but does no damage.
The gnoll sergeant hits you from afar with a +0 spear.
* * * LOW HITPOINT WARNING * * *
You hit the white imp but do no damage.
The wall freezes the white imp but does no damage.
The white imp gestures at you. The puff of frost misses you.
The wall freezes the gnoll sergeant.
The gnoll sergeant hits you from afar with a +0 spear.
* * * LOW HITPOINT WARNING * * *
Unknown command.
You hit the white imp.
The white imp is lightly wounded.
The white imp completely resists.
The wall freezes the white imp but does no damage.
The white imp hits you.
* * * LOW HITPOINT WARNING * * *
The white imp freezes you. You resist.
* * * LOW HITPOINT WARNING * * *
The wall freezes the gnoll sergeant.
The gnoll sergeant hits you but does no damage.
The wall freezes the gnoll sergeant but does no damage.
The gnoll sergeant hits you from afar with a +0 spear!
You die...

#...####
#.......P....
.....).#######
##...........
.....#.....))##
#####..##.##
.....##...##..##
#.###...
.....##...###..##
#.# ####
.....##...#
##..###### #.#
.....##...##
##.##...# #..
....##.....##
#..#.#.# ###
....#.......#
##@#.#.#
.####.......##
#.5g#.##
#.~~~.~~.~#
###)...#
#~...≈~~~≈#
#.#.....#
#~~~~~≈≈≈≈#
#.##....#
##≈≈≈≈≈≈≈## #..
...... #≈≈≈≈≈≈≈#
#.. ...g#
##≈≈≈≈≈## ##..
..... ####### ..
..#.


You could see a gnoll sergeant and a white imp.

Vanquished Creatures
  A black bear (D:6)
  2 scorpions
  A hound (D:4)
  An orc priest (D:4)
  A jelly (D:6)
  An iguana (D:6)
  An orc wizard (D:4)
  4 gnolls (D:6)
  8 adders
  2 shadow imps (D:6)
  A white imp (D:6)
  3 worms
  2 dart slugs (D:1)
  5 orcs
  9 bats
  7 endoplasms
  A giant cockroach (D:2)
  11 hobgoblins
  5 jackals (D:1)
  10 kobolds
  4 quokkas
  5 ball pythons (D:1)
  A frilled lizard (D:2)
  5 goblins
  6 rats
97 creatures vanquished.

Notes
Turn   | Place    | Note
-------+----------+-------------------------------------------
     0 | D:1      | safid the Merfolk Ice Elementalist began the quest for the
                  | Orb.
     0 | D:1      | Reached XP level 1. HP: 13/13 MP: 3/3
    81 | D:1      | Reached XP level 2. HP: 18/20 MP: 1/5
   140 | D:1      | Reached skill level 1 in Fighting
   425 | D:1      | Reached XP level 3. HP: 26/26 MP: 6/6
  1297 | D:2      | Reached skill level 5 in Ice Magic
  1297 | D:2      | Reached XP level 4. HP: 33/33 MP: 8/8
  1343 | D:2      | Learned a level 3 spell: Frozen Ramparts
  1347 | D:2      | Learned a level 3 spell: Ozocubu's Armour
  1901 | D:2      | Reached XP level 5. HP: 39/39 MP: 7/9
  2131 | D:3      | Found a glowing golden altar of the Shining One.
  2434 | D:3      | Identified the +0 leather armour of Wofaegg {Str+5 Dex-2}
  2651 | D:3      | Found a faded altar of an unknown god.
  2719 | D:3      | Found an ornate altar of the Wu Jian Council.
  3488 | D:4      | Reached XP level 6. HP: 41/47 MP: 7/11
  3769 | D:4      | You fall into a shaft and drop 2 floors!
  3825 | D:6      | Found a shadowy altar of Dithmenos.
  4020 | D:6      | Reached skill level 6 in Ice Magic
  4111 | D:6      | Reached XP level 7. HP: 54/54 MP: 6/13
  4379 | D:6      | Slain by a gnoll sergeant

Illustrated notes

Levels and vault maps discovered:
D:1:      erik_arrival_blinker_ship, layout_basic, hangedman_feature_mirror
D:2:      minmay_angry_zag, layout_loops_cross
D:3:      layout_basic, nicolae_wu_jian_immortal_techniques,
          mainiacjoe_overflow_24_doors, basic_ecumenical_altar, minivault_19,
          minmay_randomly_rotated_circles
D:4:      nicolae_cairo_tiling_large_dashed, layout_loops_cross, minivault_23,
          due_unseen_surprise
D:6:      layout_basic, nicolae_hepliaklqana_monster_ancestors,
          mainiacjoe_overflow_chevrons, nicolae_underground_beach

Skill      XL: |  1  2  3  4  5  6 |
---------------+-------------------+-----
Fighting       | 1 2 3 4 |  4.5
Ice Magic      | 5 6 |  6.5
Spellcasting   | 3 4 |  4.4
Dodging        | |  2.6
Stealth        | |  2.1

Action                     |  1- 3 |  4- 6 |  7- 9 || total
---------------------------+-------+-------+-------++-------
  Melee: Mace              |    96 |    76 |    30 ||   202
         Punch             |     1 |     1 |       ||     2
   Cast: Freeze            |    30 |    48 |     6 ||    84
         Frozen Ramparts   |       |     8 |     5 ||    13
         Ozocubu's Armour  |       |     2 |     2 ||     4
   Stab: Sleeping          |     3 |     3 |       ||     6
 Armour: Robe              |    29 |    17 |    11 ||    57
  Dodge: Dodged            |    97 |    57 |    39 ||   193
